 Dungeon Crawl Stone Soup version 0.18.1-5-g4a78601 (webtiles) character file.

1414 namelastname112 the Sneak (level 8, -1/65 (67) HPs)
             Began as a Pale Draconian Assassin on May 11, 2016.
             Killed from afar by barb4r1an's ghost (14 damage)
             ... with a spray of energy
             ... on level 6 of the Dungeon.
             The game lasted 00:06:18 (4294 turns).

namelastname112 the Sneak (Pale Draconian Assassin) Turns: 4294, Time: 00:06:19

HP:   -1/65 (67)    AC:  7    Str: 14    XL:     8   Next: 43%
MP:   8/8           EV: 13    Int: 11    God:
Gold: 207           SH:  0    Dex: 15    Spells: 0 memorised, 7 levels left

rFire  . . .     SeeInvis .     i - +2 short sword (venom)
rCold  . . .     Gourm    .     (armour unavailable)
rNeg   . . .     Faith    .     (no shield)
rPois  .         Spirit   .     (helmet restricted)
rElec  .         Dismiss  .     c - +0 cloak
rCorr  .         Reflect  .     (no gloves)
SustAt +         Harm     .     (no boots)
MR     .....                    q - amulet of regeneration
Stlth  +.........               B - ring of wizardry
                                A - ring of sustain attributes

@: confused, glowing, not resistant to hostile enchantments, very unstealthy
A: breathe steam, unfitting armour, cold-blooded, AC +6
a: Breathe Steam


You were on level 6 of the Dungeon.
You were not hungry.

You visited 1 branch of the dungeon, and saw 6 of its levels.

You collected 207 gold pieces.

Inventory:

Hand Weapons
 b - a +0 blowgun
 i - a +2 short sword of venom (weapon)
Missiles
 d - 62 poisoned needles
 e - 5 curare-tipped needles
Armour
 c - a +0 cloak (worn)
Jewellery
 q - an amulet of regeneration (around neck)
 A - a ring of sustain attributes (left hand)
 B - a ring of wizardry (right hand)
Wands
 l - a wand of random effects (15/48)
Scrolls
 g - 3 scrolls of remove curse {unknown}
 k - 2 scrolls of amnesia {unknown}
 m - a scroll of noise {unknown}
 r - 3 scrolls of enchant weapon {unknown}
 s - a scroll of teleportation {unknown}
 w - a scroll of recharging {unknown}
 y - 2 scrolls of blinking {unknown}
 z - 6 scrolls of identify {unknown}
 F - a scroll of enchant armour {unknown}
Potions
 a - a potion of berserk rage {unknown}
 h - 3 potions of might {unknown}
 j - a potion of curing {unknown}
 n - a potion of cure mutation {unknown}
 o - 2 potions of heal wounds {unknown}
 p - a potion of ambrosia {unknown}
 t - 2 potions of lignification {unknown}
 D - 2 potions of agility {unknown}
 E - a potion of degeneration {unknown}
Books
 v - a Fen Folio

   Spells                             Type                      Level
   a - Corpse Rot                     Necromancy                   2
   b - Stone Arrow                    Conjuration/Earth            3
   c - Leda's Liquefaction            Hexes/Earth                  4
   d - Summon Forest                  Summoning/Translocation      5
   e - Hydra Form                     Transmutation                6
   f - Summon Hydra                   Summoning                    7
 G - a book of Burglary

   Spells                             Type                      Level
   a - Swiftness                      Charms/Air                   2
   b - Passwall                       Transmutation/Earth          2
   c - Passage of Golubria            Translocation                4
   d - Lee's Rapid Deconstruction     Earth                        5
   e - Darkness                       Hexes                        6
   f - Invisibility                   Hexes                        6
Comestibles
 f - 5 bread rations
 u - 4 fruits
 x - a beef jerky
 C - 2 royal jellies
 H - 2 chunks of flesh


   Skills:
 + Level 4.6 Fighting
 * Level 5.7 Short Blades
 + Level 3.9 Throwing
 + Level 3.4 Dodging
 * Level 7.0 Stealth


You had 7 spell levels left.
You didn't know any spells.

Dungeon Overview and Level Annotations

Branches:
Dungeon (6/15)
 Temple: D:4-7

Altars:
Cheibriados
Dithmenos
Elyvilon
Okawaru
Ru
Trog
Yredelemnul
Zin

Shops:
D:5 :

Annotations:
D:6 barb4r1an's ghost, novice SpEn


Innate Abilities, Weirdness & Mutations

You can breathe blasts of scalding, opaque steam.
Your pale cyan-grey scales are hard (AC +6).
Your body does not fit into most forms of armour.
You are cold-blooded and may be slowed by cold attacks.


Message History

Your tail-slap misses barb4r1an's ghost.
Barb4r1an's ghost is severely damaged.
Barb4r1an's ghost points at you and mumbles some strange words.
You resist with significant effort.
You regained 2 hp, and now have 28/65 hp.
You bump into the rock wall.
Barb4r1an's ghost points at you and mumbles some strange words.
You are more confused.
You bump into the rock wall.
Barb4r1an's ghost hits you.
You take 2 damage, and have 27/65 hp.
You bump into the rock wall.
Barb4r1an's ghost misses you.
Barb4r1an's ghost gestures at you while chanting.
The spray of energy hits you!
* * * LOW HITPOINT WARNING * * *
You are more confused.
You take 17 damage, and have 12/65 hp.
MASSIVE DAMAGE!!
You bump into the rock wall.
Barb4r1an's ghost gestures at you while chanting.
The spray of energy hits you!
You die...

###################
..........W@......#
#################.# #.#
#.# #.############# #.#
#.............# ##.##
#..##########.######...#
#. #.....#.....# #
#.....#.#...#


You could see barb4r1an's ghost.

Vanquished Creatures
  A necrophage (D:5)
  2 ogres
  2 centaurs (D:5)
  A giant frog (D:6)
  3 scorpions
  A crimson imp (D:5)
  8 orc wizards
  2 hounds
  2 centaur skeletons
  3 orc priests
  A giant frog skeleton (D:5)
  Natasha (twice) (D:4)
  A hound skeleton (D:5)
  5 gnolls
  7 adders
  An adder skeleton (D:5)
  An adder zombie (D:5)
  4 worms
  2 dart slugs (D:3)
  2 giant geckos
  21 orcs
  A ball python (D:2)
  8 giant cockroaches
  6 goblins
  4 hobgoblins
  5 jackals
  2 quokkas
  9 bats
  7 giant newts
  13 kobolds
  A quokka zombie (D:5)
  12 rats
140 creatures vanquished.

Notes
Turn   | Place    | Note
--------------------------------------------------------------
     0 | D:1      | namelastname112 the Draconian Assassin began the quest for the Orb.
     0 | D:1      | Reached XP level 1. HP: 17/17 MP: 1/1
    44 | D:1      | Reached skill level 1 in Dodging
    44 | D:1      | Reached XP level 2. HP: 15/25 MP: 2/2
   288 | D:1      | Reached skill level 4 in Stealth
   641 | D:1      | Reached XP level 3. HP: 28/30 MP: 3/3
  1158 | D:2      | Found a white marble altar of Elyvilon.
  1301 | D:2      | Reached XP level 4. HP: 37/37 MP: 4/4
  1605 | D:2      | Found a basalt altar of Yredelemnul.
  2052 | D:3      | Found a bloodstained altar of Trog.
  2052 | D:3      | Found a shadowy altar of Dithmenos.
  2053 | D:3      | Found a sacrificial altar of Ru.
  2054 | D:3      | Found a glowing silver altar of Zin.
  2054 | D:3      | Found a snail-covered altar of Cheibriados.
  2055 | D:3      | Found an iron altar of Okawaru.
  2188 | D:3      | Reached XP level 5. HP: 35/45 MP: 5/5
  2338 | D:4      | Reached skill level 5 in Stealth
  2497 | D:4      | Noticed an ogre
  2504 | D:4      | Killed an ogre
  2504 | D:4      | Reached XP level 6. HP: 51/51 MP: 6/6
  2673 | D:4      | Noticed Natasha
  2683 | D:4      | Killed Natasha
  2716 | D:4      | Noticed Natasha
  2738 | D:4      | Killed Natasha
  2745 | D:4      | Your scales start taking on a pale cyan-grey colour.
  2745 | D:4      | Reached XP level 7. HP: 45/58 MP: 7/7
  3200 | D:5      | Entered Level 5 of the Dungeon
  3366 | D:5      | Reached skill level 6 in Stealth
  3482 | D:5      | Reached skill level 5 in Short Blades
  3530 | D:5      | Reached XP level 8. HP: 64/64 MP: 8/8
  3560 | D:5      | Found Ibuf's Book Shop.
  4187 | D:6      | Reached skill level 7 in Stealth
  4265 | D:6      | Noticed barb4r1an's ghost (novice SpEn)
  4294 | D:6      | Killed from afar by barb4r1an's ghost

Skill      XL: |  1  2  3  4  5  6  7  8 |
---------------+-------------------------+-----
Dodging        | 1 2 3 |  3.4
Stealth        | 4 5 6 7 |  7.0
Throwing       | 2 3 |  3.9
Short Blades   | 3 4 5 |  5.7
Fighting       | 3 4 |  4.6

Action                   |  1- 3 |  4- 6 |  7- 9 || total
-------------------------+-------+-------+-------++-------
Melee: Short sword       |    57 |   163 |   187 ||   407
       Dagger            |    15 |       |       ||    15
       Tailslap          |     8 |    20 |    22 ||    50
 Fire: Blowgun           |     9 |       |       ||     9
 Abil: Breathe Steam     |       |       |     3 ||     3
 Stab: Sleeping          |     6 |     6 |     5 ||    17
       Distracted        |       |       |     1 ||     1
  Eat: Chunk             |     1 |     4 |     6 ||    11
Armor: Skin              |    24 |    41 |    31 ||    96
Dodge: Dodged            |    42 |    90 |    89 ||   221
